 Dungeon Crawl Stone Soup version 0.27.1-33-g824d729ab1 (webtiles) character file.

Game seed: 7569004085070847483

33 zeram the Shield-Bearer (level 3, -1/29 HPs)
             Began as a Merfolk Fighter on Dec 14, 2021.
             Frozen to death by an endoplasm (2 damage)
             ... on level 2 of the Dungeon.
             The game lasted 00:01:34 (1668 turns).

zeram the Shield-Bearer (Merfolk Fighter)           Turns: 1668, Time: 00:01:35

Health: -1/29      AC:  6    Str: 16    XL:     3   Next: 29%
Magic:  3/3        EV:  7    Int:  8    God:
Gold:   86         SH:  9    Dex: 13    Spells: 2/2 levels left

rFire    . . .     SeeInvis .   a - +0 trident
rCold    . . .     Faith    .   c - +0 kite shield
rNeg     + . .     Spirit   .   b - +0 scale mail
rPois    .         Reflect  .   (no helmet)
rElec    .         Harm     .   (no cloak)
rCorr    .         Rampage  .   (no gloves)
Will     +....                  (no boots)
Stlth    ..........             (no amulet)
HPRegen  0.09/turn              k - ring of willpower
MPRegen  0.08/turn              j - ring of positive energy

@: no status effects
A: (nimble swimmer 2), mertail
a: no special abilities


You were on level 2 of the Dungeon.
You visited 1 branch of the dungeon, and saw 2 of its levels.

You collected 86 gold pieces.

Inventory:

Hand Weapons
 a - a +0 trident (weapon)
Missiles
 i - 9 poisoned darts (quivered)
Armour
 b - a +0 scale mail (worn)
 c - a +0 kite shield (worn)
Jewellery
 j - a ring of positive energy (right hand)
 k - a ring of willpower (left hand)
Scrolls
 e - a scroll of identify {unknown}
 h - a scroll of enchant weapon {unknown}
 n - a scroll of teleportation {unknown}
Potions
 d - a potion of might
 f - a potion of attraction {unknown}
 g - a potion of curing {unknown}
 l - a potion of berserk rage {unknown}
 m - a potion of flight {unknown}


   Skills:
 - Level 3.2 Fighting
 - Level 3.0 Polearms
 - Level 2.1 Armour
 + Level 4.3 Shields


You had 2 spell levels left.
You didn't know any spells.
Your spell library contained the following spells:

 Spells                   Type           Power      Damage    Failure   Level
 Magic Dart               Conj           0%         1d3       99%         1
 Summon Forest            Summ/Tloc      0%         N/A       100%        5
 Summon Mana Viper        Hex/Summ       0%         N/A       100%        5
 Conjure Ball Lightning   Conj/Air       0%         3x3d6     100%        6
 Iron Shot                Conj/Erth      0%         9d1       100%        6
 Shadow Creatures         Summ           N/A        N/A       100%        6
 Orb of Destruction       Conj           0%         N/A       100%        7


Dungeon Overview and Level Annotations

Branches:
Dungeon (2/15)

Altars:


Innate Abilities, Weirdness & Mutations

((You are quick and stealthy near water. (Stealth+, EV+, Speed+++)))
Your lower body shifts to a powerful aquatic tail in water.


Message History

There is a stone staircase leading up here.
Found a stone staircase leading down.
There is a stone staircase leading up here.
There is an open door here.
As you open the door, it creaks loudly!
You see here a +0 robe.
There is an open door here.
An endoplasm and 2 orcs come into view.
The orc shouts! x2
An orc priest comes into view. It is wielding a +0 dagger.
There are monsters nearby!
There are monsters nearby!
There are monsters nearby!
There are monsters nearby!
There are monsters nearby!
A bat comes into view.
The orc priest shouts!
You hit the orc.
The orc is heavily wounded.
The bat hits you but does no damage. You block the orc's attack.
You barely miss the orc.
The orc is heavily wounded.
The bat barely misses you. You block the bat's attack.
You hit the orc.
The orc is severely wounded.
The bat hits you but does no damage. The orc closely misses you.
The orc priest invokes the aid of Beogh against you.
Beogh smites you!
The endoplasm hits you but does no damage.
The orc hits you with a +0 club.
You closely miss the orc.
The orc is severely wounded.
You block the bat's attack. x2
The orc priest calls down the wrath of Beogh upon you.
Beogh smites you!
Ouch! That really hurt!
* * * LOW HITPOINT WARNING * * *
The endoplasm freezes you.
You are frozen.
You die...

######...#.# #...##....
#......###.####...##....
+.............'...''....
#.......##.####...##....
#.......##.# ######[...
#.......##.# #.......
.........##.######...####
..........##......'...'...
.........@#########...####
......b.oJ.......#...####
..#####.oo......#.......
.. #.........#......)
#.........#.......
#.........#.......
..........#.......
#........##.......
#........##.......


You could see an orc priest, 2 orcs, an endoplasm and a bat.

Vanquished Creatures
  A dart slug (D:1)
  An endoplasm (D:2)
  2 giant cockroaches
  3 goblins (D:1)
  4 hobgoblins
  3 quokkas
  3 ball pythons (D:1)
  3 bats (D:1)
  2 frilled lizards (D:1)
  3 kobolds (D:1)
  4 rats
29 creatures vanquished.

Vanquished Creatures (others)
  4 toadstools (D:1)
4 creatures vanquished.

Grand Total: 33 creatures vanquished

Notes
Turn   | Place    | Note
-------+----------+-------------------------------------------
     0 | D:1      | zeram the Merfolk Fighter began the quest for the Orb.
     0 | D:1      | Reached XP level 1. HP: 18/18 MP: 1/1
   214 | D:1      | Reached XP level 2. HP: 22/24 MP: 2/2
   399 | D:1      | Got the Guide on Combat Magic
   756 | D:1      | Reached skill level 4 in Shields
   819 | D:1      | Reached XP level 3. HP: 29/29 MP: 3/3
  1433 | D:2      | Found a faded altar of an unknown god.
  1668 | D:2      | HP: 1/29 [orc priest/divine providence (16)]
  1668 | D:2      | Frozen to death by an endoplasm

Illustrated notes

Levels and vault maps discovered:
D:1:      ldierk_walled_garden_2, layout_basic, serial_corexii_hall,
          chequers_hall_statues_wall_a, corexii_hall_statues_l,
          corexii_hall_statues_l, corexii_hall_statues_i, corner_web_ring,
          ebering_dispersal_statue_hall
D:2:      layout_basic, shapermc_ecumenical_altar_hornbeckon

Skill      XL: |  1  2 |
---------------+-------+-----
Shields        | 4 |  4.3
Fighting       | |  3.2
Polearms       | |  3.0
Armour         | |  2.1

Action                   || total
-------------------------++-------
Melee: Trident           ||   101
Armor: Scale mail        ||    34
Dodge: Dodged            ||    30
Block: Kite shield       ||    40
